Map: Central Protocol

Players

Hindulaatti

  • Race: Terran Terran
  • League: Diamond

Checkmate

  • Race: Terran Terran
  • League: Gold

BLFG

  • Race: Protoss Protoss

Escapism

  • Race: Protoss Protoss
  • League: Gold

VOD

Have the link to the VOD?

Description

Time

  • Played on: Jan. 15, 2016, 9:31 a.m.
  • Length: 5:58
Show
View Real Time Build Order
Export as new Build Order

Hindulaatti Terran 

Build Orders: Reaper Expand 

Get SALT Encoding   

  12  0:01  SCV  
  13  0:13  SCV  
  14  0:25  Supply Depot, SCV  
  15  0:46  SCV  
  15  0:48  Barracks  
  15  0:49  Refinery  
  16  0:58  SCV  
  17  1:10  SCV  
  18  1:35  Orbital Command, Reaper  
  19  1:42  Command Center  
  19  1:52  Supply Depot  
  19  2:03  SCV  
  19  2:07  Refinery  
  20  2:11  Barracks Reactor  
  20  2:15  SCV  
  21  2:18  Barracks  
  21  2:28  Barracks  
  21  2:34  SCV  
  22  2:45  Factory  
  22  2:46  SCV  
  22  2:51  Marine x2  
  25  3:00  Orbital Command  
  25  3:15  SCV  
  25  3:17  Bunker  
  25  3:19  Barracks Tech Lab  
  26  3:20  Barracks Reactor  
  27  3:27  SCV x2  
  28  3:35  Supply Depot  
  28  3:39  SCV  
  28  3:40  Marine x2  
  31  3:43  Marauder  
  33  3:49  Starport  
  33  3:51  Factory Reactor  
  33  3:53  SCV  
  34  3:56  SCV  
  34  4:01  Supply Depot  
  35  4:08  SCV x2  
  37  4:12  Marine  
  38  4:24  SCV x2  
  40  4:25  Marauder, Marine  
  43  4:36  SCV x2  
  44  4:40  Supply Depot, Factory Tech Lab  
  44  4:42  Medivac  
  46  4:47  Marauder  
  46  4:48  SCV x2  
  50  4:55  Refinery  
  50  4:58  Marine x2  
  50  4:59  Marine x2  
  54  5:00  SCV x2  
  54  5:02  Siege Tank  
  59  5:08  Marauder  
  59  5:09  Engineering Bay  
  59  5:13  Supply Depot  
  61  5:21  Command Center  
  61  5:24  SCV  
  61  5:25  SCV  
  63  5:35  Marine  
  63  5:36  Marauder, Marine x3, SCV  
  69  5:51  Missile Turret  
Show
View Real Time Build Order
Export as new Build Order

Checkmate Terran 

Build Orders:  

Get SALT Encoding   

  12  0:01  Probe (Chrono Boost)  
  13  0:12  Probe (Chrono Boost)  
  14  0:20  Pylon  
  14  0:23  Probe (Chrono Boost)  
  15  0:38  Gateway  
  15  0:39  Probe (Chrono Boost)  
  16  0:49  Probe (Chrono Boost)  
  17  0:52  Assimilator  
  17  1:00  Probe (Chrono Boost)  
  18  1:09  Pylon  
  18  1:15  Assimilator  
  18  1:16  Probe (Chrono Boost)  
  19  1:24  Gateway  
  18  1:33  Zealot  
  18  1:35  Probe (Chrono Boost)  
  21  1:50  Cybernetics Core  
  21  1:54  Probe (Chrono Boost)  
  22  2:06  Probe (Chrono Boost)  
  23  2:10  Zealot  
  25  2:28  Warp Gate (Chrono Boost)  
  25  2:36  Nexus  
  25  2:41  Pylon  
  25  2:49  Adept  
  27  2:55  Adept  
  29  3:00  Probe  
  30  3:12  Mothership Core  
  32  3:38  Probe  
  32  3:40  Adept x2  
  37  3:48  Pylon  
  37  3:56  Gateway  
  37  4:04  Stargate  
  37  4:10  Probe, Stalker, Adept  
  42  4:35  Probe  
  43  4:44  Oracle  
  43  4:47  Probe  
  43  4:48  Pylon  
  47  4:54  Probe  
  47  4:59  Probe  
  49  5:05  Probe  
  50  5:10  Stalker  
  50  5:11  Stalker, Zealot  
  56  5:15  Probe x2  
  58  5:25  Probe  
  58  5:26  Probe  
  60  5:29  Robotics Facility  
  60  5:32  Pylon  
  60  5:36  Probe x2  
  62  5:46  Stalker  
  62  5:47  Zealot  
Show
View Real Time Build Order
Export as new Build Order

BLFG Protoss 

Build Orders:  

Get SALT Encoding   

Show
View Real Time Build Order
Export as new Build Order

Escapism Protoss 

Build Orders:  

Get SALT Encoding   

Tags
 
Add a new tag
Caveats
  • Supply blocks, unpowered buildings, or Contaminate may cause inaccurate times.
  • Supply counts are checked every 10 seconds.